[Event "Early-Titled-Tuesday-Blitz-October-03-2023"]
[Site "Chess.com"]
[Date "2023.10.03"]
[Round "10"]
[White "vladgoncharov"]
[Black "Rozhkov_V"]
[Result "1-0"]
[WhiteElo "2520"]
[BlackElo "2434"]
[TimeControl "180+1"]
[EndTime "9:56:40 PDT"]
[Termination "vladgoncharov won on time"]

1. d4 d5 2. c4 dxc4 3. Nf3 Nf6 4. e3 Bg4 5. Bxc4 e6 6. h3 Bh5 7. Nbd2 Nc6 8. Qa4 Bd6 9. Bb5 O-O 10. Bxc6 bxc6 11.
Qxc6 Rb8 12. O-O Nd5 13. Qc4 Rb4 14. Qc2 Bg6 15. Qd1 a5 16. Re1 f5 17. a3 Rb8 18. Nc4 Bh5 19. Nxa5 Qe8 20. Nc4 g5 21.
Qc2 g4 22. hxg4 fxg4 23. Nfe5 Rf6 24. g3 Ne7 25. e4 Ng6 26. Bg5 Rf8 27. b4 Ra8 28.
Qd2 Bxe5 29. dxe5 Qf7 30. Bf6 Ne7 31. Qg5+ Bg6 32. Qxg4 Nc6 33. Rad1 h5 34. Qg5 Kh7 35. Kg2 Rg8 36. Qf4 Raf8 37. Rh1 1-0

[Event "Early-Titled-Tuesday-Blitz-October-03-2023"]
[Site "Chess.com"]
[Date "2023.10.03"]
[Round "10"]
[White "HanSchut"]
[Black "JACK_BAU3R"]
[Result "1-0"]
[WhiteElo "2312"]
[BlackElo "2027"]
[TimeControl "180+1"]
[EndTime "9:56:41 PDT"]
[Termination "HanSchut won on time"]

1. e4 d6 2. d4 Nf6 3. Nc3 e5 4. Nf3 exd4 5. Nxd4 Be7 6. Bf4 O-O 7. Qd2 Re8 8. O-O-O Nbd7 9. f3 a6 10. g4 Ne5 11. Be2 c5 12. Nf5 Bxf5 13. gxf5 Qa5 14. Kb1 Qb4 15. a3 Qb6 16. Bg5 Ned7 17. Rhg1 Rad8 18.
Bc4 Ne5 19. Bxf6 Nxc4 20. Rxg7+ Kf8 21. Rxf7+ Kxf7 22. Qd5+ Kf8 23. Bxe7+ Rxe7 24. Qxc4 Qc6 25. Nd5 Rf7 26. Qc3 Ke8 27. Nf6+ Ke7 28. Nd5+ Kd7 29. Rg1 Kc8 30. Rg7 Rxg7 31. Qxg7 Rd7 32. Ne7+ 1-0

[Event "Early-Titled-Tuesday-Blitz-October-03-2023"]
[Site "Chess.com"]
[Date "2023.10.03"]
[Round "10"]
[White "NikolaGry"]
[Black "PeshkaCh"]
[Result "0-1"]
[WhiteElo "2727"]
[BlackElo "2808"]
[TimeControl "180+1"]
[EndTime "9:56:45 PDT"]
[Termination "PeshkaCh won on time"]

1. d4 Nf6 2. Bg5 d5 3. Bxf6 gxf6 4. e3 e6 5. c4 dxc4 6. Bxc4 f5 7. Nf3 Bg7 8. Nc3 O-O 9. Qc2 a6 10. a4 b6 11. Rd1 c6 12. h3 b5 13. Be2 Nd7 14.
g4 Qa5 15. gxf5 b4 16. Ne4 Qxf5 17. Nh4 Qd5 18. Bf3 Qa5 19. b3 Nf6 20. Rg1 Kh8 21.
Rg5 Qd8 22. Nxf6 Qxf6 23. Rh5 h6 24. Ke2 a5 25. Rg1 Ba6+ 26. Ke1 c5 27. Ng6+ fxg6 28. Rxg6 Qf7 29. Bxa8 Rxa8 30. Qe4 Bb7 0-1

[Event "Early-Titled-Tuesday-Blitz-October-03-2023"]
[Site "Chess.com"]
[Date "2023.10.03"]
[Round "10"]
[White "Itk04"]
[Black "FairChess_on_YouTube"]
[Result "0-1"]
[WhiteElo "2736"]
[BlackElo "3044"]
[TimeControl "180+1"]
[EndTime "9:56:45 PDT"]
[Termination "FairChess_on_YouTube won by resignation"]

1. d4 g6 2. Nc3 Bg7 3. e4 c6 4. Nf3 d5 5. h3 dxe4 6. Nxe4 Nf6 7. Bd3 O-O 8. O-O Nbd7 9. c3 b6 10. Qe2 Bb7 11. Rd1 Qc7 12. Be3 Nd5 13. c4 Nxe3 14.
Qxe3 c5 15. dxc5 Nxc5 16. Nxc5 Qxc5 17. Qxc5 bxc5 18. Rab1 Rfd8 19. Kf1 Rd6 20. b3 Ra6 21. a4 Bxf3 22. gxf3 Rb8 23. Bc2 Bd4 24. Rd3 e5 25. Kg2 Rf6 26. Rd2 Rfb6 27. Rd3 Kg7 28. Kf1 Kf6 29.
Ke2 Kg5 30. Rg1+ Kf6 31. Rg4 h5 32. Rg1 Re8 33. Rdd1 Kg7 34. Rb1 Kh6 35. Be4 Reb8 36. Bd5 f5 37. h4 Kg7 38. a5 Rxb3 39. Rxb3 Rxb3 40. Be6 Kf6 41. Bd7 Rb2+ 42. Kd3 Rxf2 43. Rg3 Ra2 44. Be8 e4+ 45. fxe4 Ra3+ 46. Ke2 0-1

[Event "Early-Titled-Tuesday-Blitz-October-03-2023"]
[Site "Chess.com"]
[Date "2023.10.03"]
[Round "10"]
[White "NovikovaGalina"]
[Black "Gurvich_Vitaly"]
[Result "0-1"]
[WhiteElo "2448"]
[BlackElo "2745"]
[TimeControl "180+1"]
[EndTime "9:56:47 PDT"]
[Termination "Gurvich_Vitaly won on time"]

1. e4 c6 2. d4 d5 3. e5 Bf5 4. Nc3 e6 5. g4 Bg6 6. Nge2 c5 7. h4 h5 8. Nf4 Bh7 9. g5 Ne7 10. Qxh5 Qd7 11. Nb5 Nf5 12. Nxe6 Na6 13. Nxf8 Kxf8 14. Be3 Kg8 15. Qg4 Nb4 16. O-O-O cxd4 17. Nxd4 Rc8 18.
Bd3 Nxd3+ 19. Rxd3 Qa4 20. Kb1 Bg6 21. h5 Rc7 22. Rh3 Nxd4 23. b3 Qc6 24. c3 Bxd3+ 25. Kb2 Qxc3+ 26. Ka3 Qa5+ 27. Kb2 Rc2+ 0-1

[Event "Early-Titled-Tuesday-Blitz-October-03-2023"]
[Site "Chess.com"]
[Date "2023.10.03"]
[Round "10"]
[White "ChessicallyInclined"]
[Black "jk13"]
[Result "0-1"]
[WhiteElo "2772"]
[BlackElo "2648"]
[TimeControl "180+1"]
[EndTime "9:56:47 PDT"]
[Termination "jk13 won on time"]

1. e4 e5 2. Nf3 Nc6 3. Bb5 a6 4. Ba4 Nf6 5. O-O b5 6. Bb3 Bc5 7. c3 d6 8. a4 Rb8 9. d4 Bb6 10. a5 Ba7 11. Be3 Ra8 12. Re1 O-O 13. h3 h6 14. Nbd2 Re8 15. Bc2 Bb7 16. d5 Ne7 17.
Nf1 Ng6 18. Bxa7 Rxa7 19. g3 c6 20. dxc6 Bxc6 21. Qd2 Rd7 22. Qe3 Qc8 23. Rad1 Qc7 24. b4 Ba8 25. Bb1 d5 26. N1d2 dxe4 27. Nxe4 Nxe4 28.
Rxd7 Qxd7 29. Bxe4 Bxe4 30. Qxe4 Qxh3 31. Qb7 Qe6 32. Re3 Qd6 33. Kg2 Re6 34. Qc8+ Kh7 35. Ne1 Qd5+ 36. Kg1 e4 37. Qb8 Ne5 38. Qa7 Ng4 39.
Re2 Qh5 40. f3 exf3 0-1

[Event "Early-Titled-Tuesday-Blitz-October-03-2023"]
[Site "Chess.com"]
[Date "2023.10.03"]
[Round "10"]
[White "fabianvivasz"]
[Black "kritipatel"]
[Result "1-0"]
[WhiteElo "2455"]
[BlackElo "2153"]
[TimeControl "180+1"]
[EndTime "9:56:47 PDT"]
[Termination "fabianvivasz won by checkmate"]

1. e4 e5 2. Nf3 Nc6 3. Bc4 Nf6 4. d3 Bc5 5. O-O O-O 6. c3 d6 7. h3 Ne7 8. Re1 Ng6 9. d4 Bb6 10. Bb3 h6 11. Na3 Be6 12. Nc4 Bxc4 13. Bxc4 c6 14. Bb3 Qe7 15. Be3 Nxe4 16. dxe5 d5 17. Bxb6 axb6 18. Bc2 Nxe5 19. Bxe4 Nxf3+ 20. Bxf3 Qf6 21. Qd4 Qg6 22. Re7 Rae8 23. Rae1 Rd8 24. Qxb6 Rd6 25. Qxb7 Kh7 26. a4 Rf6 27. Kh2 Qg5 28. Qc7 Qf5 29.
a5 Rc8 30. Qe5 Qg6 31. a6 Rf5 32. Qg3 Rg5 33. Qf4 Rf5 34. Qd4 c5 35. Qg4 Qd6+ 36. Kh1 Rf4 37. Qg3 g5 38. Rxf7+ Kh8 39. Rxf4 gxf4 40.
Qh4 Rg8 41. a7 Qa6 42. Re7 Qa1+ 43. Kh2 Qxb2 44. Qxh6# 1-0

[Event "Early-Titled-Tuesday-Blitz-October-03-2023"]
[Site "Chess.com"]
[Date "2023.10.03"]
[Round "10"]
[White "hellokostya"]
[Black "UNSTOPPABLE_LEGEND"]
[Result "1-0"]
[WhiteElo "2556"]
[BlackElo "2455"]
[TimeControl "180+1"]
[EndTime "9:56:48 PDT"]
[Termination "hellokostya won by resignation"]

1. Nf3 d5 2. e3 Nf6 3. c4 e6 4. b3 c5 5. cxd5 exd5 6. Bb2 Nc6 7. Bb5 Bd6 8. O-O O-O 9. d4 cxd4 10. Nxd4 Bc7 11. Nf3 Bg4 12. h3 Bh5 13. Be2 Re8 14. Nc3 Qd6 15. Nb5 Qe7 16. Nxc7 Qxc7 17. Bxf6 gxf6 18.
Qxd5 Bg6 19. Rac1 Rad8 20. Qc4 Qa5 21. Qc3 Qxa2 22. Bc4 Kg7 23. b4 Qa4 24. b5 Na5 25.
Be2 b6 26. Nd4 Rc8 27. Qxc8 Rxc8 28. Rxc8 Nb3 29. Bd1 a6 30. Bxb3 Qa5 31. bxa6 Qxa6 32. Rfc1 Qd3 33. R8c7 b5 34. Bc2 Qd2 35. Rd1 Qa5 36.
Rc5 Bxc2 37. Nxc2 Qb6 38. Rdd5 b4 39. Rb5 Qc6 40. Nxb4 Qc1+ 41. Kh2 Qc7+ 42. g3 Qc1 43. Nd3 Qd2 44. Kg2 Qc2 45. Rb4 Qe2 46. Nf4 Qa2 47. Rb7 Qc4 48. Rdd7 Qe4+ 49. Kh2 Qf3 50. Rxf7+ Kg8 51.
Kg1 Qd1+ 52. Kg2 Qc2 53. Rg7+ Kh8 54. Rge7 Qc6+ 55. Kh2 Qc8 56. Rxh7+ Kg8 57. Rbg7+ 1-0

[Event "Early-Titled-Tuesday-Blitz-October-03-2023"]
[Site "Chess.com"]
[Date "2023.10.03"]
[Round "10"]
[White "GianmarcoVaR"]
[Black "tolimachess"]
[Result "1-0"]
[WhiteElo "2657"]
[BlackElo "2457"]
[TimeControl "180+1"]
[EndTime "9:56:49 PDT"]
[Termination "GianmarcoVaR won by checkmate"]

1. e4 c5 2. Nf3 Nc6 3. Bb5 g6 4. O-O Bg7 5. Re1 e5 6. c3 Nge7 7. d4 exd4 8. cxd4 cxd4 9. Bf4 O-O 10. Bd6 a6 11. Bf1 h6 12. Nbd2 b5 13. Nb3 Bb7 14. Rc1 Rc8 15. Nc5 Ba8 16. a3 Re8 17. Nxa6 Qb6 18.
Nc5 Rcd8 19. b4 Nc8 20. Bf4 d6 21. Nb3 N8a7 22. Qd2 g5 23. Bg3 Bb7 24. Rcd1 d5 25.
e5 Bc8 26. Nfxd4 Nxe5 27. Qc2 Nc4 28. Rxe8+ Rxe8 29. Qc1 Bd7 30. Nc5 Bc8 31. Ndb3 Bb2 32. Qb1 Bxa3 33. Nd4 Bb2 34. Bxc4 Bxd4 35. Bxd5 Bg7 36.
Qa2 Nc6 37. Bxf7+ Kf8 38. Bxe8 Nxb4 39. Qf7# 1-0

[Event "Early-Titled-Tuesday-Blitz-October-03-2023"]
[Site "Chess.com"]
[Date "2023.10.03"]
[Round "10"]
[White "Rosh1610"]
[Black "KatakuriDono"]
[Result "1-0"]
[WhiteElo "2450"]
[BlackElo "2325"]
[TimeControl "180+1"]
[EndTime "9:56:50 PDT"]
[Termination "Rosh1610 won by resignation"]

1. f4 d5 2. Nf3 Bg4 3. Ne5 Bf5 4. b3 Nd7 5. Bb2 Nxe5 6. fxe5 e6 7.
d3 c5 8. e3 Ne7 9. Be2 Nc6 10.
O-O Be7 11. Nd2 Bg5 12. Rf3 h5 13. Nf1 Bg4 14. Rf2 d4 15. exd4 cxd4 16. Bxg4 hxg4 17. Qxg4 Rh4 18. Qg3 Rh6 19. Re1 Bh4 20. Qxg7 Bxf2+ 21. Kxf2 Rg6 22. Qh7 Qg5 23. Ng3 O-O-O 24. Bc1 Qg4 25.
Qxf7 Rgg8 26. Bh6 Qh4 27. Qf6 Qxf6+ 28. exf6 Rg6 29. Bg7 Rg8 30. Rxe6 Kd7 31. Re4 R6xg7 32. fxg7 Rxg7 33. Nf5 Rf7 34. g4 Kc7 35. Kg3 Rf8 36. h4 a5 37. h5 Kb6 38. h6 Kc7 39. Kf4 Kd7 40. g5 1-0

[Event "Early-Titled-Tuesday-Blitz-October-03-2023"]
[Site "Chess.com"]
[Date "2023.10.03"]
[Round "10"]
[White "NovoselovRoman"]
[Black "ChessQueen"]
[Result "1-0"]
[WhiteElo "2629"]
[BlackElo "2710"]
[TimeControl "180+1"]
[EndTime "9:56:51 PDT"]
[Termination "NovoselovRoman won by resignation"]

1. e4 c6 2. Nc3 d5 3. d4 dxe4 4. Nxe4 Nf6 5. Ng3 g6 6. Bc4 Bg7 7. h4 Na6 8. h5 Bg4 9. Nf3 Nd5 10. c3 Nac7 11. Rh4 f5 12. hxg6 hxg6 13. Rxh8+ Bxh8 14. Qb3 Bxf3 15. gxf3 Qc8 16. Bd2 Qe6+ 17. Kd1 O-O-O 18. Kc2 g5 19. Bd3 Qf7 20. Bxf5+ e6 21. Be4 Bf6 22. Rh1 Nb5 23. Rh7 Qg8 24. a4 Nd6 25. Bd3 Nc7 26. Ne4 Nxe4 27. Bxe4 Bg7 28. Bxg5 Rd7 29. Bf4 Qf8 30. Bxc7 Kxc7 31. Qxe6 Qd8 32. Rxg7 Rxg7 33. Qe5+ Kb6 34. Qxg7 1-0

[Event "Early-Titled-Tuesday-Blitz-October-03-2023"]
[Site "Chess.com"]
[Date "2023.10.03"]
[Round "10"]
[White "Vision_64"]
[Black "GeorgiosSouleidis"]
[Result "1-0"]
[WhiteElo "2359"]
[BlackElo "2552"]
[TimeControl "180+1"]
[EndTime "9:56:52 PDT"]
[Termination "Vision_64 won on time"]

1. e4 c5 2. Nc3 e6 3. f4 a6 4. Nf3 Nc6 5. d3 b5 6. g3 d5 7. Qe2 d4 8. Nd1 Bb7 9. Bg2 Nf6 10. O-O Be7 11. Nf2 O-O 12. g4 Nd7 13. e5 Qc7 14.
Ne4 Nb6 15. Qf2 Nd5 16. Nfg5 h6 17. Nf3 Rad8 18. Qg3 Ne3 19. Rf2 Nb4 20. Ne1 Qd7 21. Bh1 c4 22. a3 Nbd5 23. g5 Nf5 24. Qh3 Nde3 25. Ng2 Kh7 26. Nh4 Rh8 27. gxh6 gxh6 28. Nxf5 Nxf5 29. Ng5+ Bxg5 30. fxg5 Rdg8 31. Be4 Kg7 32.
Kf1 Kf8 33. Bxf5 exf5 34. Qxf5 Qd5 35. gxh6 cxd3 36. cxd3 Qe4 37. dxe4 1-0

[Event "Early-Titled-Tuesday-Blitz-October-03-2023"]
[Site "Chess.com"]
[Date "2023.10.03"]
[Round "10"]
[White "tetrix83"]
[Black "Witik"]
[Result "1-0"]
[WhiteElo "2653"]
[BlackElo "2833"]
[TimeControl "180+1"]
[EndTime "9:56:54 PDT"]
[Termination "tetrix83 won on time"]

1. Nf3 Nf6 2. g3 g6 3. Bg2 Bg7 4. d4 d5 5. c4 c6 6. O-O O-O 7. Qb3 Qb6 8. Nc3 Rd8 9. Rd1 Bf5 10. Ne1 dxc4 11. Qxc4 e5 12. d5 cxd5 13. Nxd5 Nxd5 14. Bxd5 Nc6 15. Bxf7+ Kh8 16. Be3 Qxb2 17. Nf3 Nd4 18. Nxd4 exd4 19. Bg5 Rdc8 20. Qd5 Qxe2 21. Qxb7 d3 22.
Bd5 Rab8 23. Qxa7 h6 24. Be3 Rd8 25. Bg2 Rb2 26. Re1 Qg4 27. Rad1 Qc4 28. Bf1 Rxa2 29. Qe7 Raa8 30. Rc1 Qg4 31. Rc7 Rg8 32. h3 Qh5 33.
Bd4 1-0

[Event "Early-Titled-Tuesday-Blitz-October-03-2023"]
[Site "Chess.com"]
[Date "2023.10.03"]
[Round "10"]
[White "Sadykov_Ramil"]
[Black "Leonid_Starozhilov"]
[Result "1-0"]
[WhiteElo "2619"]
[BlackElo "2721"]
[TimeControl "180+1"]
[EndTime "9:56:54 PDT"]
[Termination "Sadykov_Ramil won on time"]

1. d4 Nf6 2. Nc3 d5 3. Bf4 a6 4. e3 c5 5. dxc5 Qa5 6. Bxb8 Rxb8 7. Qd4 b6 8. cxb6 Rxb6 9. Qa4+ Qxa4 10. Nxa4 Rb8 11. b3 e6 12. Bd3 a5 13. Nf3 Bd7 14. Ke2 Ba3 15. Rab1 Ke7 16. c4 Rhc8 17. Nc3 dxc4 18.
bxc4 Bb4 19. Rhc1 Bc6 20. g3 Bxf3+ 21. Kxf3 Nd7 22. Nb5 Nc5 23. Bc2 Nd7 24. a3 Ne5+ 25. Ke2 Nxc4 26. axb4 Rxb5 27. Bd3 axb4 28. Rxc4 Rxc4 29. Bxc4 Rb6 30. Kd3 Kd6 31. Ra1 g6 32.
Ra6 1-0

[Event "Early-Titled-Tuesday-Blitz-October-03-2023"]
[Site "Chess.com"]
[Date "2023.10.03"]
[Round "10"]
[White "Caroexpert"]
[Black "BeautiFullMindChess"]
[Result "1-0"]
[WhiteElo "2500"]
[BlackElo "2375"]
[TimeControl "180+1"]
[EndTime "9:56:54 PDT"]
[Termination "Caroexpert won by checkmate"]

1. d4 Nf6 2. c4 g6 3. Nc3 Bg7 4. e4 d6 5. h3 O-O 6. Be3 e5 7. d5 a5 8. g4 Na6 9. Qd2 Nd7 10.
Nge2 Ndc5 11. Ng3 c6 12. Be2 cxd5 13. cxd5 Bd7 14. h4 Rb8 15. Nb5 Qb6 16. Na3 Qd8 17.
Nc4 b5 18. Nxd6 Qb6 19. Ndf5 gxf5 20. gxf5 f6 21. Rg1 Rf7 22. Rc1 Kh8 23. f3 Bf8 24.
Nh5 Bd6 25. a3 a4 26. Bf1 Qd8 27. Qg2 Qf8 28. Be2 Rc8 29. Kf2 Nb3 30. Rxc8 Bxc8 31. Bh6 Bc5+ 32. Kf1 Bxg1 33. Bxf8 Be3 34. Bg7+ Kg8 35.
Nxf6+ Rxf6 36. Bxf6+ Kf8 37. Qg7+ Ke8 38. Qe7# 1-0

[Event "Early-Titled-Tuesday-Blitz-October-03-2023"]
[Site "Chess.com"]
[Date "2023.10.03"]
[Round "10"]
[White "IngOscarArdila"]
[Black "JAN2404"]
[Result "1-0"]
[WhiteElo "2322"]
[BlackElo "2083"]
[TimeControl "180+1"]
[EndTime "9:56:55 PDT"]
[Termination "IngOscarArdila won by resignation"]

1. d4 Nf6 2. c4 g6 3. Nc3 Bg7 4.
Nf3 O-O 5. e3 d5 6. Be2 c6 7. O-O Nbd7 8. c5 a5 9. Bd2 b6 10. Na4 bxc5 11. Nxc5 Nxc5 12. dxc5 Ne4 13. Qc2 Rb8 14. b3 Bxa1 15. Rxa1 Nxd2 16. Qxd2 Bg4 17. Nd4 Bxe2 18. Qxe2 Qc7 19. Qa6 Rfc8 20. f4 Ra8 21. Qe2 e5 22. fxe5 Qxe5 23. Qf3 Re8 24. Re1 Rac8 25.
h3 f5 26. g3 Qe7 27. Kf2 Qxc5 28. Rd1 Re4 29. Rd3 Qa3 30. Qe2 c5 31. Nb5 Qb4 32.
Nd6 c4 33. Rxd5 Rce8 34. Nxe8 Rxe8 35. bxc4 a4 36. Rb5 Qc3 37. c5 Rc8 38. Qb2 Qd3 39. Rb8 Qd8 40. Rxc8 Qxc8 41. Qb6 Qe8 42. c6 Qe4 43.
Qc5 Qc2+ 44. Qxc2 1-0

[Event "Early-Titled-Tuesday-Blitz-October-03-2023"]
[Site "Chess.com"]
[Date "2023.10.03"]
[Round "10"]
[White "temus_galaktionov"]
[Black "sergoy"]
[Result "1/2-1/2"]
[WhiteElo "2882"]
[BlackElo "3017"]
[TimeControl "180+1"]
[EndTime "9:56:56 PDT"]
[Termination "Game drawn by repetition"]

1. d4 Nf6 2. Nf3 e6 3. c4 b6 4. g3 Ba6 5. b3 Bb4+ 6. Bd2 Be7 7.
Bg2 d5 8. cxd5 exd5 9. O-O O-O 10. Nc3 Re8 11. a3 c6 12. b4 Nbd7 13. Bf4 Bb7 14. Qb3 a5 15. b5 c5 16. Rfd1 c4 17. Qc2 Nf8 18. Ne5 Rc8 19. Bh3 Ne6 20. Be3 Bd6 21.
f4 Rc7 22. Qf5 Qe7 23. a4 Bb4 24. Rac1 Bxc3 25. Rxc3 Ne4 26. Rcc1 f6 27. Nf3 Nf8 28. Bd2 g6 29. Qg4 Bc8 30. Qh4 Bxh3 31. Qxh3 Nxd2 32. Rxd2 Qe3+ 33. Kf1 Qa3 34. Rdd1 Rce7 35. Rc2 Qxa4 36. Rdc1 Qxb5 37. f5 g5 38. Qh6 Nd7 39. h4 g4 40.
Nh2 Re4 41. Qh5 Qb3 42. Rc3 Qb2 43. R1c2 Qb1+ 44. Rc1 Qa2 45. R1c2 Qb1+ 46. Rc1 Qb2 47. R1c2 Qb1+ 1/2-1/2

[Event "Early-Titled-Tuesday-Blitz-October-03-2023"]
[Site "Chess.com"]
[Date "2023.10.03"]
[Round "10"]
[White "HajiyevKanan"]
[Black "BashirovKemal"]
[Result "1/2-1/2"]
[WhiteElo "2539"]
[BlackElo "2653"]
[TimeControl "180+1"]
[EndTime "9:56:56 PDT"]
[Termination "Game drawn by repetition"]

1. d4 Nf6 2. Nf3 d5 3. c4 dxc4 4. e3 a6 5. Bxc4 e6 6. O-O b5 7.
Be2 Bb7 8. Ne5 Nbd7 9. Bf3 Bxf3 10. Qxf3 Nxe5 11. dxe5 Nd7 12. Qc6 Rb8 13. Rd1 Rb6 14. Qe4 Be7 15. a4 bxa4 16. Rxa4 O-O 17. Qc2 Qc8 18.
Rc4 c5 19. f4 Nb8 20. Bd2 Nc6 21. Bc3 Qb7 22. Nd2 Nb4 23. Qe4 Qd7 24. Qf3 Rd8 25. Rf1 Nd5 26. Ba5 Rxb2 27. Bxd8 Bxd8 28. Ne4 Be7 29. Nxc5 Qb5 30. Rfc1 h6 31. f5 Bg5 32. Re4 exf5 33. Qxf5 Bxe3+ 34. Rxe3 Nxe3 35. Qc8+ Kh7 36. Nd7 Rxg2+ 37. Kh1 Rxh2+ 38. Kg1 Rg2+ 39. Kh1 Rh2+ 40.
Kg1 Rg2+ 41. Kh1 Rh2+ 1/2-1/2

[Event "Early-Titled-Tuesday-Blitz-October-03-2023"]
[Site "Chess.com"]
[Date "2023.10.03"]
[Round "10"]
[White "Alenzer"]
[Black "NowInChess"]
[Result "1-0"]
[WhiteElo "2108"]
[BlackElo "2209"]
[TimeControl "180+1"]
[EndTime "9:56:58 PDT"]
[Termination "Alenzer won by resignation"]

1. e4 e6 2. d4 d5 3. exd5 exd5 4. c4 Nf6 5. Nc3 Bb4 6. Nf3 O-O 7. Bd3 Re8+ 8. Be3 Bg4 9. O-O Nc6 10. h3 Bxf3 11.
Qxf3 dxc4 12. Bxc4 Nxd4 13. Qxb7 Bxc3 14. bxc3 Nf5 15. Bg5 h6 16. Rad1 Qe7 17. Bxf6 Qxf6 18. Rd7 Nd6 19. Qxc7 Rec8 20. Qxd6 Qxd6 21. Rxd6 Rxc4 22.
Rd3 Rb8 23. Ra1 Rb2 24. a4 Re4 25. a5 Ree2 26. Rf3 Ra2 27. Rxa2 Rxa2 28. Rf5 g6 29. Rc5 Kf8 30. g3 Ke7 31. Rc7+ Kd6 32. Rxa7 f5 33. Kg2 Rc2 34. Rg7 g5 35. Rg6+ Kc5 36. Rxh6 Rxc3 37.
Ra6 Kb5 38. Ra8 Rc2 39. h4 g4 40. h5 Rc6 41. a6 Kb6 42. f3 gxf3+ 43. Kxf3 Rh6 44.
g4 fxg4+ 45. Kxg4 Rh7 46. Kg5 Rg7+ 47. Kf6 Rh7 48. Kg6 Rd7 49. h6 Rd6+ 50. Kg7 Rd7+ 51.
Kg8 Rd6 52. h7 Rg6+ 53. Kf7 Rh6 54. h8=Q 1-0

[Event "Early-Titled-Tuesday-Blitz-October-03-2023"]
[Site "Chess.com"]
[Date "2023.10.03"]
[Round "10"]
[White "QuintilianoR"]
[Black "Arystanner"]
[Result "0-1"]
[WhiteElo "2658"]
[BlackElo "2829"]
[TimeControl "180+1"]
[EndTime "9:56:59 PDT"]
[Termination "Arystanner won by resignation"]

1. Nf3 d5 2. e3 Nf6 3. c4 e6 4.
b3 Bd6 5. Bb2 O-O 6. Nc3 c5 7.
cxd5 exd5 8. d4 cxd4 9. Nxd4 Nc6 10. Be2 Nxd4 11. Qxd4 Re8 12. O-O Be5 13. Qd2 Be6 14.
Rad1 Qa5 15. a3 Rad8 16. b4 Qc7 17. Nb5 Qb8 18. Bxe5 Qxe5 19. Nxa7 Ra8 20. Nb5 Bd7 21. Qd4 Bxb5 22. Bxb5 Qxd4 23. Rxd4 Rec8 24. a4 g6 25. h3 h5 26. a5 Rc2 27. Rfd1 Kg7 28. Kf1 Rac8 29. a6 bxa6 30. Bxa6 R8c3 31. Bd3 Rb2 32. b5 g5 33. g3 g4 34. h4 Rc5 35.
Kg2 Nd7 36. Rb1 Rxb1 37. Bxb1 Rxb5 38. Bd3 Rc5 39. e4 Ne5 40. exd5 Nf3 41. Re4 Rc1 42. Bf1 Rxf1 43. Rxg4+ hxg4 44. Kxf1 Kf6 45. Ke2 Ke5 46. Ke3 Nd4 47. d6 Nf5+ 48. Ke2 Kxd6 49. Kd3 Ke5 50. Kc4 Nd6+ 51. Kd3 Ne4 52. Ke3 Kf5 53.
f3 Nf6 54. Kf2 Nh5 55. Kg2 Ng7 56. Kf2 Ne6 57. Kg2 Nd4 58. fxg4+ Kxg4 59. Kf2 Nf5 60. h5 Kxh5 61. Kf3 Kg5 62. Ke4 Nxg3+ 63. Ke5 f5 0-1

[Event "Early-Titled-Tuesday-Blitz-October-03-2023"]
[Site "Chess.com"]
[Date "2023.10.03"]
[Round "10"]
[White "AEMEffi"]
[Black "brm72"]
[Result "0-1"]
[WhiteElo "2386"]
[BlackElo "2508"]
[TimeControl "180+1"]
[EndTime "9:57:00 PDT"]
[Termination "brm72 won by resignation"]

1. d4 Nf6 2. c4 e6 3. g3 d5 4. Nf3 Be7 5. Bg2 O-O 6. O-O dxc4 7. Qc2 b5 8. a4 Bb7 9. axb5 a6 10. bxa6 Nxa6 11.
Na3 Nb4 12. Qxc4 Bd5 13. Qc3 Ne4 14. Qe1 c5 15. Bd2 Rxa3 16. Rxa3 Nc2 17. Qc1 Nxa3 18. bxa3 cxd4 19. Nxd4 Nxd2 20. Qxd2 Bxa3 21. Bxd5 Qxd5 22.
Nf3 Qf5 23. Kg2 h6 24. Rd1 Be7 25. Qd3 Qf6 26. e4 Rd8 27. Qe2 Rxd1 28. Qxd1 Bc5 29. h4 g5 30. hxg5 hxg5 31. Qc1 g4 32. Qg5+ Qxg5 33.
Nxg5 Kg7 34. f4 Be7 35. Kf2 Bxg5 36. fxg5 Kg6 37. Ke3 Kxg5 38. Kd4 Kf6 39. Kd3 Ke5 40. Ke3 f5 41. exf5 exf5 42. Kf2 Kd4 43. Ke2 Ke4 44.
Kf2 Kd3 45. Kf1 Ke3 46. Kg2 Ke2 47. Kg1 Kf3 48. Kh2 Kf2 0-1

[Event "Early-Titled-Tuesday-Blitz-October-03-2023"]
[Site "Chess.com"]
[Date "2023.10.03"]
[Round "10"]
[White "Roman_Ovetchkin"]
[Black "VovenRogel"]
[Result "0-1"]
[WhiteElo "2703"]
[BlackElo "2862"]
[TimeControl "180+1"]
[EndTime "9:57:01 PDT"]
[Termination "VovenRogel won on time"]

1. d4 d5 2. c4 e6 3. Nf3 a6 4. g3 dxc4 5. Bg2 Nf6 6. O-O Nc6 7. Bg5 Be7 8. e3 O-O 9. Qc1 Na5 10. Ne5 c5 11. dxc5 Qc7 12. Nxc4 Qxc5 13. Nxa5 Qxa5 14. h4 h6 15. Bxf6 Bxf6 16. Nd2 Bd7 17. Ne4 Be7 18. Qc3 Bb4 19. Qd4 Bc6 20. a3 Be7 21. Qc3 Qb6 22. Rab1 Rac8 23. Qe5 Rfd8 24. Rfc1 Rd5 25. Qf4 Rf5 26.
Qg4 Rd8 27. Qe2 Rfd5 28. Rd1 Rxd1+ 29. Rxd1 Rxd1+ 30. Qxd1 Qxb2 31. a4 Qb4 32. Nd2 Bxa4 33. Qc1 Bd7 34. Ne4 Bc6 35. Nd2 Bxg2 36. Kxg2 Qc5 37.
Qb1 Qd5+ 38. Nf3 b5 39. e4 Qc5 40. Qd3 a5 41. Qd7 a4 42. Qe8+ Bf8 43. h5 a3 44.
Qa8 b4 45. Nd2 Qc2 46. Nf3 a2 47. Ne5 Qc7 48. f4 b3 0-1

[Event "Early-Titled-Tuesday-Blitz-October-03-2023"]
[Site "Chess.com"]
[Date "2023.10.03"]
[Round "10"]
[White "ErikRonka"]
[Black "Mikhail_Golubev"]
[Result "0-1"]
[WhiteElo "2504"]
[BlackElo "2613"]
[TimeControl "180+1"]
[EndTime "9:57:03 PDT"]
[Termination "Mikhail_Golubev won by checkmate"]

1. e4 c5 2. Nf3 d6 3. Bb5+ Bd7 4. Bxd7+ Nxd7 5. O-O Ngf6 6. Qe2 e6 7. b3 g6 8. Bb2 Bg7 9. d4 cxd4 10. Nxd4 O-O 11. c4 Nh5 12. g3 d5 13. cxd5 exd5 14. exd5 Nb6 15. Rd1 Re8 16. Qd2 Nxd5 17. Nc3 Nxc3 18. Bxc3 Nf6 19. f3 Nd5 20. Bb2 Qb6 21. Kh1 Red8 22.
Qc2 Rac8 23. Qe4 h5 24. Rab1 Qa6 25. Rd2 Qxa2 26. Rbd1 Qa5 27. Ne6 fxe6 28. Qxe6+ Kh7 29. Rxd5 Rxd5 30. Rxd5 Qc7 31. Bxg7 Qc1+ 32. Kg2 Rc2+ 33. Kh3 Qf1+ 34. Kh4 Rxh2+ 35. Kg5 Qxf3 36. Bf6 Qxg3+ 37.
Qg4 Qxg4# 0-1

[Event "Early-Titled-Tuesday-Blitz-October-03-2023"]
[Site "Chess.com"]
[Date "2023.10.03"]
[Round "10"]
[White "JosefineHeinemann"]
[Black "N4700000"]
[Result "1-0"]
[WhiteElo "2517"]
[BlackElo "2398"]
[TimeControl "180+1"]
[EndTime "9:57:03 PDT"]
[Termination "JosefineHeinemann won by checkmate"]

1. e4 c6 2. d4 d5 3. e5 Bf5 4.
Nf3 e6 5. Be2 Nd7 6. O-O h6 7.
Nbd2 Ne7 8. a4 a6 9. b4 Ng6 10. c3 a5 11. bxa5 Qxa5 12. Nb3 Qc7 13. c4 dxc4 14.
Bxc4 Nb6 15. Bd3 Bxd3 16. Qxd3 Be7 17. a5 Nd5 18. Bd2 O-O 19. g3 Rfd8 20. Rfd1 Bb4 21. Bxb4 Nxb4 22. Qc4 Nd5 23. Nfd2 Nge7 24. Ne4 Nf5 25.
Rdb1 Ra7 26. Nbc5 Rda8 27. Nb3 Qe7 28. h4 Qb4 29. Qxb4 Nxb4 30. Rd1 Rd8 31. Rac1 Rd5 32. Rc5 Rxc5 33. Nexc5 Ne7 34. Kg2 Ned5 35. h5 Kf8 36. g4 Ke7 37. Kg3 Nc3 38. Re1 Nb5 39. f4 Nc2 40.
Rd1 Ne3 41. Rd3 Nc4 42. f5 Nxa5 43. Nxa5 Rxa5 44. Nxb7 Ra4 45. f6+ gxf6 46. exf6+ Kxf6 47. Nd8 Rxd4 48. Rf3+ Kg5 49. Nxf7# 1-0

[Event "Early-Titled-Tuesday-Blitz-October-03-2023"]
[Site "Chess.com"]
[Date "2023.10.03"]
[Round "10"]
[White "MathiasWomacka"]
[Black "rikchessmx"]
[Result "1-0"]
[WhiteElo "2542"]
[BlackElo "2331"]
[TimeControl "180+1"]
[EndTime "9:57:03 PDT"]
[Termination "MathiasWomacka won by checkmate"]

1. e4 e5 2. Nf3 Nc6 3. Bb5 Bc5 4. c3 Qf6 5. O-O Nge7 6. Re1 a6 7. Ba4 b5 8. Bc2 d6 9. d4 Bb6 10. Be3 O-O 11.
dxe5 dxe5 12. Bxb6 cxb6 13. h3 Ng6 14. Qe2 Nf4 15. Qe3 Bxh3 16. g3 Ng2 17. Qxb6 Qxf3 18. Nd2 Qf6 19. Red1 Nf4 20. Re1 Ng6 21. Bb3 Rab8 22.
Qxa6 Rbd8 23. Bd5 Rd6 24. Qxb5 Nh4 25. Qe2 Ng6 26. Nc4 Rdd8 27. Rad1 Nce7 28. Ne3 Be6 29. Bxe6 fxe6 30. b4 Rxd1 31. Rxd1 Nc6 32. a4 Qe7 33. a5 Qb7 34. Qc4 Nd8 35. b5 Qf7 36. Rd2 Qf3 37.
a6 Nh4 38. gxh4 Rf4 39. Rxd8+ Kf7 40. Rd7+ Kf6 41. Nd5+ exd5 42. Qc6# 1-0